 Dungeon Crawl Stone Soup version 0.30-a0-777-ga9a30cbeda (webtiles) character file.

Game seed: 17792209476802793104

23 retardedninja the Shield-Bearer (level 3, -1/23 HPs)
             Began as a Gargoyle Fighter on Feb 13, 2023.
             Slain by Grinder (8 damage)
             ... on level 3 of the Dungeon.
             The game lasted 00:01:43 (941 turns).

retardedninja the Shield-Bearer (Gargoyle Fighter)   Turns: 941, Time: 00:01:44

Health: -1/23      AC: 11    Str: 21    XL:     3   Next: 0%
Magic:  3/3        EV:  9    Int:  8    God:
Gold:   67         SH:  4    Dex:  9    Spells: 2/2 levels left

rFire   . . .      SeeInvis .    a - +0 flail
rCold   . . .      Faith    .    c - +0 buckler
rNeg    + . .      Spirit   .    b - +0 scale mail
rPois   ∞          Reflect  .    (no helmet)
rElec   +          Harm     .    (no cloak)
rCorr   .          Rampage  .    f - +0 pair of gloves
Will    .....                    (no boots) Stlth
                                 (no amulet)
HPRegen 0.23/turn                (no ring)
MPRegen 0.08/turn                (no ring)

@: mighty
A: sickness immunity, AC +3, negative energy resistance 1, electricity
resistance, torment resistance 1, petrification resistance
a: no special abilities


You were on level 3 of the Dungeon.
You visited 1 branch of the dungeon, and saw 3 of its levels.

You collected 67 gold pieces.

Inventory:

Hand Weapons
 a - a +0 flail (weapon)
Armour
 b - a +0 scale mail (worn)
 c - a +0 buckler (worn)
 f - a +0 pair of gloves (worn)
Jewellery
 g - a ring of magical power
Scrolls
 h - a scroll of teleportation {unknown}
 j - a scroll of enchant armour {unknown}
 k - a scroll of fear {unknown}
Potions
 e - a potion of curing {unknown}
 i - a potion of magic {unknown}
 l - a potion of degeneration {unknown}


   Skills:
 + Level 3.5 Fighting
 * Level 2.6 Maces & Flails
 + Level 3.5 Armour
 + Level 3.5 Shields


You had 2 spell levels left.
You didn't know any spells.
Your spell library contained the following spells:

 Spells                   Type           Power      Damage    Failure   Level
 Shock                    Conj/Air       0%         1d3       83%         1
 Swiftness                Air            0%         N/A       99%         3
 Airstrike                Air            0%         2d(0-16)  100%        4


Dungeon Overview and Level Annotations

Branches:
Dungeon (3/15)

Altars:

Annotations:
D:3 Grinder


Innate Abilities, Weirdness & Mutations

You are immune to sickness and miasma.
Your stone body is resilient. (AC +3)
You are immune to poison.
You resist negative energy. (rN+)
You are resistant to electric shocks. (rElec)
You are resistant to unholy torment.
You are immune to petrification.


Message History

You block the bat's attack.
Found a stone staircase leading up.
The bat barely misses you. The bat hits you but does no damage.
You thump the bat!
You kill the bat!
You have reached level 3!
Your experience leads to an increase in your attributes!
Increase (S)trength, (I)ntelligence, or (D)exterity?
You feel stronger. x2
Found a stone staircase leading up.
A sourceless malevolence fills the Dungeon...
You fall into a shaft and drop 1 floor!
The shaft crumbles and collapses.
Found a mace.
Found a stone staircase leading down.
No target in view!
No target in view!
Found an escape hatch in the ceiling and an escape hatch in the floor.
Grinder comes into view.
Grinder shouts!
Grinder is nearby!
Grinder hits you.
You writhe in agony.
You hit Grinder.
Grinder is lightly wounded.
Grinder hits you.
You writhe in agony.
You are too injured to fight recklessly!
You feel very mighty all of a sudden. Grinder gestures at you.
You suddenly lose the ability to move!
Grinder gestures at you. Pain shoots through your body!
Grinder hits you but does no damage. Grinder gestures at you.
Pain shoots through your body!
You can move again.
Unknown command.
Okay, then.
You barely miss Grinder.
Grinder is lightly wounded.
Grinder hits you!
You die...

..... #.... #
.... <#
...##. .... #
..#.##
#.######5#..#
#.).....@.>#
........#.#.#
.######.#?# #
#.#.# #.#.#
..#.# ###>#
..# ###


You could see Grinder.

Vanquished Creatures
  2 endoplasms
  A giant cockroach (D:1)
  A hobgoblin (D:1)
  3 ball pythons (D:1)
  5 bats
  7 kobolds
  2 rats
21 creatures vanquished.

Notes
Turn   | Place    | Note
-------+----------+-------------------------------------------
     0 | D:1      | retardedninja the Gargoyle Fighter began the quest for the
                  | Orb.
     0 | D:1      | Reached XP level 1. HP: 14/14 MP: 1/1
   440 | D:1      | Reached XP level 2. HP: 18/19 MP: 2/2
   922 | D:2      | Reached XP level 3. HP: 23/23 MP: 3/3
   932 | D:2      | You fall into a shaft and drop 1 floor!
   934 | D:3      | Noticed Grinder
   937 | D:3      | Paralysed by Grinder for 4 turns
   941 | D:3      | Slain by Grinder

Illustrated notes

Levels and vault maps discovered:
D:1:      dpeg_arrival_three_same_balls, layout_basic, hangedman_decor_points
D:2:      layout_loops_cross, nicolae_hexahallways, uniq_sigmund,
          uniq_crazy_yiuf_cottage
D:3:      layout_basic, grunt_gozag_breadcrumbs, serial_shops,
          nicolae_shop_hallway_stairs, serial_corexii_hall,
          corexii_hall_statues_s, chequers_hall_statues_corner_a,
          corexii_hall_statues_x, chequers_hall_statues_corner_a, uniq_terence,
          uniq_grinder, uniq_ijyb

Action                     || total
---------------------------++-------
  Melee: Flail             ||    71
    Use: Potion            ||     1
 Armour: Scale mail        ||    47
  Dodge: Dodged            ||    41
  Block: Buckler           ||    17

Table legend: (Time is in decaauts)
 A = Elapsed time spent in this place.
 B = Non-inter-level travel time spent in this place.
 C = Inter-level travel time spent in this place.
 D = Time resting spent in this place.
 E = Time spent auto-exploring this place.
 F = Levels seen in this place.
 G = Mean time per level.
                   A        B        C        D        E       F      G
               +--------+--------+--------+--------+--------+-----+--------+
         Total |    963 |    926 |     37 |      0 |    735 |   3 |  321.0 |
       Dungeon |    963 |    926 |     37 |      0 |    735 |   3 |  321.0 |
               +--------+--------+--------+--------+--------+-----+--------+

Top non-repeatable levels by time:
     D:1: 798 daAuts
     D:2: 156 daAuts
     D:3: 9 daAuts
